 Dungeon Crawl Stone Soup version 0.31-a0-152-g6aa68a64a1 (webtiles) character file.

Game seed: 11570316380673657433

90 qw the Shooter (level 4, -1/40 HPs)
             Began as a Naga Hunter on June 10, 2023.
             Slain by an orc
             ... wielding a +0 mace
              (7 damage)
             ... on level 5 of the Dungeon.
             The game lasted 00:00:36 (2295 turns).

qw the Shooter (Naga Hunter)                        Turns: 2295, Time: 00:00:36

Health: -1/40      AC:  2    Str: 15 (16) XL:     4   Next: 56%
Magic:  4/4        EV:  9    Int:  7 (8)  God:
Gold:   76         SH:  0    Dex: 18 (19) Spells: 3/3 levels left

rFire   . . .        Y - +0 shortbow
rCold   . . .        (shield currently unavailable)
rNeg    . . .        c - +0 leather armour
rPois   +            (helmet restricted)
rElec   .            (no cloak)
rCorr   .            (no gloves)
SInv    +            (no barding)
Will    .....        (no amulet)
Stlth   ++           (no ring)
HPRegen 0.26/turn    (no ring)
MPRegen 0.09/turn

%: no passive effects
@: about to teleport, short of breath, very slow
A: AC +1, large, see invisible, deformed body, poison resistance, slowness 2,
spit poison 1, naga tail 1, horns 1, agile 1, deterioration 1, strong 1
a: Spit Poison


You were on level 5 of the Dungeon.
You visited 1 branch of the dungeon, and saw 4 of its levels.

You collected 156 gold pieces.
You spent 80 gold pieces at shops.


Innate Abilities, Weirdness & Mutations

Your serpentine skin is tough. (AC +1)
You have supernaturally acute eyesight. (SInv)
Armour fits poorly on your strangely shaped body.
Your system is resistant to poisons. (rPois)
You cover ground very slowly.
You can spit poison.
You have a snake-like lower body.
You have a pair of small horns on your head.
You are agile. (Dex +4, Str/Int -1)
Your body sometimes deteriorates upon taking damage.
Your muscles are strong. (Str +4, Int/Dex -1)


   Skills:
 + Level 2.5 Fighting
 - Level 5.1 Ranged Weapons
 - Level 1.5 Dodging
 - Level 1.5 Stealth


You had 3 spell levels left.
You didn't know any spells.
Your spell library was empty.

Inventory:

Hand Weapons
 Y - a +0 shortbow (weapon)
Armour
 c - a +0 leather armour (worn)
Scrolls
 a - 4 scrolls of identify
Potions
 d - 3 potions of might
 f - 2 potions of curing

Dungeon Overview and Level Annotations

Branches:
Dungeon (3/15)

Altars:

Shops:
D:2 !*

Annotations:
D:5 Sigmund


Message History

2286 ||| INVOKING Spit Poison.
Aiming: Spit Poison (1% risk of failure)
Press: ? - help, Shift-Dir - straight line, f - orc The splash of poison misses the orc.
You shoot an arrow. The arrow hits the orc.
The orc is almost dead.
You hear a shout!
You shoot an arrow. The arrow closely misses the hound.
An orc comes into view. It is wielding a +0 mace.
You shoot an arrow.
The arrow hits the orc but does no damage.
The orc is almost dead.
The hound bites you. The orc hits you with a +0 club.
The hound barely misses you.
You shoot an arrow. The arrow barely misses the orc.
The hound barely misses you. The orc misses you.
You shoot an arrow.
The arrow hits the orc but does no damage.
The orc is almost dead.
The hound bites you. The orc hits you with a +0 club.
The orc barely misses you. The hound closely misses you.
You shoot an arrow. The arrow hits the orc.
You kill the orc!
You have got your breath back.
The hound barely misses you. The orc closely misses you. The hound bites you.
2293 ||| INVOKING Spit Poison.
Aiming: Spit Poison (1% risk of failure)
Press: ? - help, Shift-Dir - straight line, f - hound The splash of poison hits the hound!
The hound is poisoned.
The hound is severely wounded.
The orc hits you with a +0 mace! The hound bites you but does no damage.
You shoot an arrow. The arrow hits the hound.
The hound is severely wounded.
The hound bites you. The orc hits you with a +0 mace. The hound bites you.
The orc hits you with a +0 mace.
2295 ||| READING scroll of teleportation.
As you read the scroll of teleportation, it crumbles to dust.
You feel strangely unstable. The hound bites you.
The orc hits you with a +0 mace!
You die...

.#...........# #..# #.....%..'...
.#...........# #..# #........###.
.#.......)...###..###........###.
.#...........+......'........'##.
.#...........###..###........###.
.+...........###..# #........# #.
.#...........+....# #........# ##
.#..........)####)###........####
................@h...............
###.#####.#######o###############
.......##.# #.@..#
#.........###......
#..........##.......
#..........##.......#
###'##..#...........#
...###.#.....###..## ....#
#.#.....'....#


You could see a hound (poisoned) and an orc.

Vanquished Creatures
  An orc wizard (D:3)
  An adder (D:5)
  A dart slug (D:5)
  6 orcs
  3 ball pythons
  8 endoplasms
  2 giant cockroaches
  2 goblins (D:1)
  3 hobgoblins (D:1)
  4 quokkas
  4 bats
  A frilled lizard (D:1)
  7 rats
43 creatures vanquished.

Notes
Turn   | Place    | Note
-------+----------+-------------------------------------------
     0 | D:1      | qw the Naga Hunter began the quest for the Orb.
     0 | D:1      | Reached XP level 1. HP: 19/19 MP: 1/1
     0 | D:1      | 0 ||| qw: Version: 0.2-a-29-g67ad517
     0 | D:1      | 0 ||| qw: Game counter: 3932
     0 | D:1      | 0 ||| qw: Always use a shield: true
     0 | D:1      | 0 ||| qw: God list: Okawaru
     0 | D:1      | 0 ||| qw: Allow faded altars: false
     0 | D:1      | 0 ||| qw: Do Orc after D:15 true
     0 | D:1      | 0 ||| qw: Do second Lair branch before Depths: true
     0 | D:1      | 0 ||| qw: Lair rune preference: random
     0 | D:1      | 0 ||| qw: Plans: Normal
     0 | D:1      | 0 ||| PLANNING D:1-11
    44 | D:1      | 44 ||| INVOKING Spit Poison.
    76 | D:1      | 76 ||| INVOKING Spit Poison.
   173 | D:1      | 173 ||| INVOKING Spit Poison.
   180 | D:1      | 180 ||| INVOKING Spit Poison.
   183 | D:1      | 183 ||| INVOKING Spit Poison.
   186 | D:1      | Reached skill level 4 in Ranged Weapons
   186 | D:1      | Reached XP level 2. HP: 26/26 MP: 2/2
   238 | D:1      | 238 ||| INVOKING Spit Poison.
   288 | D:1      | 288 ||| INVOKING Spit Poison.
   332 | D:1      | 332 ||| INVOKING Spit Poison.
   370 | D:1      | 370 ||| INVOKING Spit Poison.
   420 | D:1      | 420 ||| INVOKING Spit Poison.
   545 | D:1      | 545 ||| INVOKING Spit Poison.
   549 | D:1      | 549 ||| INVOKING Spit Poison.
   773 | D:1      | 773 ||| READING scroll labelled OSYJEA URO XIPP.
   777 | D:1      | 777 ||| READING 2 scrolls labelled HUIMOCS VOKEF.
   778 | D:1      | 778 ||| READING 3 scrolls labelled OTEHUNOFFE.
   779 | D:1      | 779 ||| READING scroll labelled ASEIKO LAAMU.
   780 | D:1      | 780 ||| DRINKING 2 bubbling brown potions.
   780 | D:1      | Gained mutation: You are occasionally teleported next to
                  | monsters. [potion of mutation]
   780 | D:1      | Gained mutation: You are somewhat resistant to further
                  | mutation. [potion of mutation]
   781 | D:1      | 781 ||| DRINKING potion of mutation.
   781 | D:1      | Lost mutation: You are occasionally teleported next to
                  | monsters. [potion of mutation]
   781 | D:1      | Lost mutation: You are somewhat resistant to further
                  | mutation. [potion of mutation]
   781 | D:1      | Gained mutation: You are agile. (Dex +4, Str/Int -1)
                  | [potion of mutation]
   781 | D:1      | Gained mutation: You have a pair of small horns on your
                  | head. [potion of mutation]
   781 | D:1      | Gained mutation: Your body sometimes deteriorates upon
                  | taking damage. [potion of mutation]
   781 | D:1      | Gained mutation: Your muscles are strong. (Str +4, Int/Dex
                  | -1) [potion of mutation]
   782 | D:1      | 782 ||| DROPPING scroll of butterflies.
   783 | D:1      | 783 ||| DROPPING scroll of vulnerability.
   784 | D:1      | 784 ||| DROPPING 2 scrolls of fear.
   801 | D:2      | Reached XP level 3. HP: 32/32 MP: 3/3
   802 | D:2      | 802 ||| INVOKING Spit Poison.
   861 | D:2      | 861 ||| INVOKING Spit Poison.
   875 | D:2      | 875 ||| INVOKING Spit Poison.
  1039 | D:2      | 1039 ||| INVOKING Spit Poison.
  1052 | D:2      | 1052 ||| INVOKING Spit Poison.
  1111 | D:2      | 1111 ||| INVOKING Spit Poison.
  1202 | D:2      | Found Donum's General Store.
  1205 | D:2      | 1205 ||| BUYING 2 potions of might (80 gold).
  1205 | D:2      | Bought 2 potions of might for 80 gold pieces
  1205 | D:2      | 1205 ||| SHOPLISTING potion of resistance (100 gold, have
                  | 0).
  1205 | D:2      | 1205 ||| SHOPLISTING scroll of identify (20 gold, have 0).
  1337 | D:2      | Found Poaweitu's Distillery.
  1338 | D:2      | 1338 ||| INVOKING Spit Poison.
  1349 | D:2      | 1349 ||| SHOPLISTING potion of curing (33 gold, have 9).
  1349 | D:2      | 1349 ||| SHOPLISTING potion of heal wounds (55 gold, have
                  | 9).
  1605 | D:2      | 1605 ||| READING scroll labelled COUFRU JEIRU.
  1606 | D:2      | 1606 ||| READING 3 scrolls of identify.
  1606 | D:2      | 1606 ||| IDENTIFYING bubbling red potion
  1607 | D:2      | 1607 ||| READING 2 scrolls of identify.
  1607 | D:2      | 1607 ||| IDENTIFYING coppery potion
  1608 | D:2      | 1608 ||| DROPPING potion of invisibility.
  1783 | D:3      | 1783 ||| INVOKING Spit Poison.
  1788 | D:3      | 1788 ||| INVOKING Spit Poison.
  1789 | D:3      | 1789 ||| INVOKING Spit Poison.
  1805 | D:3      | 1805 ||| INVOKING Spit Poison.
  1810 | D:3      | 1810 ||| INVOKING Spit Poison.
  1848 | D:3      | 1848 ||| INVOKING Spit Poison.
  1854 | D:3      | 1854 ||| INVOKING Spit Poison.
  1855 | D:3      | Reached skill level 5 in Ranged Weapons
  1855 | D:3      | Reached XP level 4. HP: 27/39 MP: 4/4
  1976 | D:3      | You fall into a shaft and drop 2 floors!
  1976 | D:5      | Entered Level 5 of the Dungeon
  1986 | D:5      | 1986 ||| INVOKING Spit Poison.
  2059 | D:5      | Noticed Sigmund
  2060 | D:5      | 2060 ||| INVOKING Spit Poison.
  2064 | D:5      | HP: 9/39 [Sigmund/+0 scythe (3)]
  2065 | D:5      | 2065 ||| READING 2 scrolls of teleportation.
  2067 | D:5      | 2067 ||| INVOKING Spit Poison.
  2257 | D:5      | 2257 ||| INVOKING Spit Poison.
  2276 | D:5      | 2276 ||| INVOKING Spit Poison.
  2286 | D:5      | 2286 ||| INVOKING Spit Poison.
  2293 | D:5      | 2293 ||| INVOKING Spit Poison.
  2294 | D:5      | HP: 9/40 [hound (4)]
  2295 | D:5      | 2295 ||| READING scroll of teleportation.
  2295 | D:5      | Slain by an orc

Levels and vault maps discovered:
D:1:      lightli_arrival_isolated_outpost, layout_basic, serial_rivers,
          chequers_serial_rivers_micro_e, chequers_serial_rivers_micro_e,
          chequers_serial_rivers_room_b, chequers_serial_rivers_large_a,
          chequers_serial_rivers_micro_b
D:2:      layout_basic, serial_shops, shop, nicolae_shop_behind_doors,
          minmay_misc_feat_five, item_on_display_a
D:3:      layout_loops_corners, shapermc_ecumenical_altar_flowoftime,
          nicolae_underground_beach, uniq_crazy_yiuf_cottage
D:5:      layout_basic, temple_green, kennysheep_opposing_triangles,
          uniq_sigmund

Skill      XL: |  1  2  3 |
---------------+----------+-----
Ranged Weapons | 4 5 |  5.1
Fighting       | |  2.5
Dodging        | |  1.5
Stealth        | |  1.5

Action                     |  1- 3 |  4- 6 || total
---------------------------+-------+-------++-------
   Fire: Shortbow          |    53 |    24 ||    77
Ability: Spit Poison       |    25 |     7 ||    32
    Use: Scroll            |     7 |     2 ||     9
         Potion            |     2 |       ||     2
 Armour: Leather armour    |     8 |     1 ||     9
  Dodge: Dodged            |     9 |     8 ||    17

Table legend:
 A = Non-vault XP
 B = Vault XP
 C = Vault XP percentage of total XP
 D = Non-vault monster count
 E = Vault monster count
 F = Vault count percentage of total count
                 A         B        C        D         E       F
            +---------+---------+-------+---------+---------+-------
      Total |     129 |       0 |   0.0 |      43 |       0 |   0.0
            +---------+---------+-------+---------+---------+-------
        D:1 |      32 |       0 |   0.0 |      19 |       0 |   0.0
        D:2 |      19 |       0 |   0.0 |      12 |       0 |   0.0
        D:3 |      51 |       0 |   0.0 |       7 |       0 |   0.0
        D:5 |      27 |       0 |   0.0 |       5 |       0 |   0.0
            +---------+---------+-------+---------+---------+-------
